 Dungeon Crawl Stone Soup version 0.28-a0-429-g1448048969 (webtiles) character file.

Game seed: 5512862305888624380

296 dolemite99 the Digger (level 6, -2/44 HPs)
             Began as a Gnoll Earth Elementalist on Sept 11, 2021.
             Was an Initiate of Hepliaklqana.
             Killed by nerve-wracking pain
             ... invoked by an orc priest
              (10 damage)
             ... on level 4 of the Dungeon.
             The game lasted 00:05:43 (4504 turns).

dolemite99 the Digger (Gnoll Earth Elementalist)    Turns: 4504, Time: 00:05:43

Health: -2/44      AC:  3    Str:  7    XL:     6   Next: 35%
Magic:  10/14      EV: 12    Int: 17    God:    Hepliaklqana [......]
Gold:   124        SH:  0    Dex: 12    Spells: 9/15 levels left

rFire   . . .      SeeInvis .   o - +0 whip (elec)
rCold   . . .      Faith    .   (no shield)
rNeg    . . .      Spirit   .   i - +0 leather armour
rPois   .          Reflect  .   f - +0 hat
rElec   .          Harm     .   (no cloak)
rCorr   .          Rampage  .   (no gloves)
Will    .....                   (no boots)
Stlth   ++........              (no amulet)
HPRegen 0.14/turn               (no ring)
MPRegen 0.14/turn               (no ring)

@: no status effects
A: fangs 1, strong nose, distributed training
a: Renounce Religion


You were on level 4 of the Dungeon.
You worshipped Hepliaklqana.
Hepliaklqana was noncommittal.
You visited 1 branch of the dungeon, and saw 4 of its levels.

You collected 124 gold pieces.

Inventory:

Hand Weapons
 a - a +0 mace
 o - a +0 whip of electrocution (weapon)
Missiles
 j - 2 javelins
 p - 63 sling bullets
 t - 53 stones
 w - 6 boomerangs
 x - 7 poisoned darts
Armour
 b - a +0 robe
 f - a +0 hat (worn)
 i - a +0 leather armour (worn)
 r - a +0 helmet
 z - a +0 kite shield
Wands
 c - a wand of paralysis (4)
Scrolls
 d - 2 scrolls of identify {unknown}
 e - 2 scrolls of immolation {unknown}
 l - a scroll of fog {unknown}
 m - a scroll of amnesia {unknown}
 q - a scroll of enchant weapon {unknown}
 s - a scroll of vulnerability {unknown}
 v - 2 scrolls of noise {unknown}
 y - a scroll of teleportation {unknown}
Potions
 g - a potion of resistance {unknown}
 h - 2 potions of haste {unknown}
 k - 3 potions of curing {unknown}
 n - a potion of degeneration {unknown}
 u - a potion of cancellation {unknown}


   Skills:
 + Level 1.9 Fighting
 + Level 1.9 Short Blades
 + Level 1.9 Long Blades
 + Level 1.9 Axes
 + Level 1.9 Maces & Flails
 + Level 1.9 Polearms
 + Level 1.9 Staves
 + Level 1.9 Slings
 + Level 1.9 Bows
 + Level 1.9 Crossbows
 + Level 1.9 Throwing
 + Level 1.9 Armour
 + Level 5.0 Dodging
 + Level 4.6 Stealth
 + Level 1.9 Shields
 + Level 1.9 Unarmed Combat
 + Level 5.3 Spellcasting
 + Level 1.5 Conjurations
 + Level 1.5 Hexes
 + Level 1.5 Summonings
 + Level 1.5 Necromancy
 + Level 1.5 Translocations
 + Level 2.6 Transmutations
 + Level 1.5 Fire Magic
 + Level 1.5 Ice Magic
 + Level 1.5 Air Magic
 + Level 5.6 Earth Magic
 + Level 1.5 Poison Magic
 + Level 2.1 Invocations
 + Level 1.9 Evocations


You had 9 spell levels left.
You knew the following spells:

 Your Spells              Type           Power      Damage    Failure   Level
a - Sandblast             Erth           46%        2d11      1%          1
b - Stone Arrow           Conj/Erth      32%        3d9       14%         3
c - Passwall              Tmut/Erth      15%        N/A       5%          2

Your spell library contained the following spells:

 Spells                   Type           Power      Damage    Failure   Level
 Beastly Appendage        Tmut           26%        N/A       7%          1
 Wereblood                Tmut           13%        N/A       11%         2
 Spider Form              Tmut/Pois      5%         N/A       26%         3
 Petrify                  Tmut/Erth      18%        N/A       36%         4


Dungeon Overview and Level Annotations

Branches:
Dungeon (4/15)
 Temple: D:4-7

Altars:
Hepliaklqana


Innate Abilities, Weirdness & Mutations

You have very sharp teeth.
Your uncanny sense of smell can sniff out nearby items.
Your experience applies equally to all skills.


Message History

Casting: Sandblast (safe; 1% risk of failure)
Confirm with . or Enter, or press ? or * to list all spells.
Aiming: Sandblast (safe; 1% risk of failure)
Press: ? - help, Shift-Dir - straight line, f - orc priest, p - jackal
Aim: an orc priest, wielding a +0 hand axe and wearing a +0 scale mail (83% to hit)
The blast of sand misses the orc priest.
The blast of sand misses the orc.
The jackal closely misses you.
The orc priest calls down the wrath of Beogh upon you.
Beogh smites you!
The jackal bites you but does no damage.
Casting: Sandblast (safe; 1% risk of failure)
Confirm with . or Enter, or press ? or * to list all spells.
Aiming: Sandblast (safe; 1% risk of failure)
Press: ? - help, Shift-Dir - straight line, f/p - orc priest
Aim: an orc priest, wielding a +0 hand axe and wearing a +0 scale mail (83% to hit)
The blast of sand misses the orc priest.
The jackal closely misses you. The orc priest misses you.
The orc hits you with a +0 falchion.
Casting: Sandblast (safe; 1% risk of failure)
Confirm with . or Enter, or press ? or * to list all spells.
Aiming: Sandblast (safe; 1% risk of failure)
Press: ? - help, Shift-Dir - straight line, f/p - orc priest
Aim: an orc priest, wielding a +0 hand axe and wearing a +0 scale mail (83% to hit)
The blast of sand hits the orc priest.
The orc priest is lightly wounded.
The jackal bites you but does no damage.
The orc priest calls down the wrath of Beogh upon you.
Beogh smites you!
* * * LOW HITPOINT WARNING * * *
The orc barely misses you. The jackal barely misses you.
Casting: Sandblast (safe; 1% risk of failure)
Confirm with . or Enter, or press ? or * to list all spells.
Aiming: Sandblast (safe; 1% risk of failure)
Press: ? - help, Shift-Dir - straight line, f/p - orc priest
Aim: an orc priest, wielding a +0 hand axe and wearing a +0 scale mail (lightly wounded, 83% to hit)
The blast of sand hits the orc priest but does no damage.
The orc priest is lightly wounded.
The orc priest calls down the wrath of Beogh upon you.
Pain shoots through your body!
You die...

######## #......# .#......# ..
.'......# .. ∆#......# ..
#......# ##################..
#......######.....#.............
#######......#...o.#...........#+
.##...'......#..@o.#...........'.
......#......#..hoo#......o....#
......#......#####'#...........#
......#................o.......#
'######..................#######
.........................#
.........................#
.........................#
.........................#


You could see an orc priest, 3 orcs and a jackal.

Vanquished Creatures
  A scorpion (D:2)
  An orc priest (D:4)
  A bullfrog zombie (D:3)
  A hound skeleton (D:2)
  Robin (D:3)
  A howler monkey skeleton (D:4)
  5 adders
  2 dart slugs (D:3)
  7 orcs
  2 bats
  5 endoplasms
  2 giant cockroaches (D:1)
  14 goblins
  14 hobgoblins
  4 jackals (D:2)
  5 kobolds
  A quokka (D:3)
  7 ball pythons
  6 frilled lizards
  6 rats
86 creatures vanquished.

Vanquished Creatures (others)
  A fungus (D:1)
  8 plants (D:3)
9 creatures vanquished.

Grand Total: 95 creatures vanquished

Notes
Turn   | Place    | Note
-------+----------+-------------------------------------------
     0 | D:1      | dolemite99 the Gnoll Earth Elementalist began the quest for
                  | the Orb.
     0 | D:1      | Reached XP level 1. HP: 13/13 MP: 6/6
   280 | D:1      | Reached XP level 2. HP: 16/19 MP: 4/7
   614 | D:1      | Found a faded altar of an unknown god.
   854 | D:1      | Reached XP level 3. HP: 25/25 MP: 3/9
  1124 | D:2      | Learned a level 2 spell: Passwall
  1128 | D:2      | Learned a level 3 spell: Stone Arrow
  1129 | D:2      | Noticed a scorpion
  1140 | D:2      | Killed a scorpion
  1141 | D:2      | Reached skill level 1 in Fighting
  1141 | D:2      | Reached skill level 1 in Short Blades
  1141 | D:2      | Reached skill level 1 in Long Blades
  1141 | D:2      | Reached skill level 1 in Axes
  1141 | D:2      | Reached skill level 1 in Maces & Flails
  1141 | D:2      | Reached skill level 1 in Polearms
  1141 | D:2      | Reached skill level 1 in Staves
  1141 | D:2      | Reached skill level 1 in Slings
  1141 | D:2      | Reached skill level 1 in Bows
  1141 | D:2      | Reached skill level 1 in Crossbows
  1141 | D:2      | Reached skill level 1 in Throwing
  1141 | D:2      | Reached skill level 1 in Armour
  1141 | D:2      | Reached skill level 1 in Shields
  1141 | D:2      | Reached skill level 1 in Unarmed Combat
  1141 | D:2      | Reached skill level 5 in Spellcasting
  1141 | D:2      | Reached skill level 1 in Invocations
  1141 | D:2      | Reached skill level 1 in Evocations
  1141 | D:2      | Reached XP level 4. HP: 18/32 MP: 0/11
  1414 | D:2      | Reached skill level 1 in Conjurations
  1414 | D:2      | Reached skill level 1 in Hexes
  1414 | D:2      | Reached skill level 1 in Summonings
  1414 | D:2      | Reached skill level 1 in Necromancy
  1414 | D:2      | Reached skill level 1 in Translocations
  1414 | D:2      | Reached skill level 1 in Fire Magic
  1414 | D:2      | Reached skill level 1 in Ice Magic
  1414 | D:2      | Reached skill level 1 in Air Magic
  1414 | D:2      | Reached skill level 1 in Poison Magic
  1636 | D:2      | Reached XP level 5. HP: 37/37 MP: 9/12
  1999 | D:3      | Found a hazy altar of Hepliaklqana.
  2080 | D:3      | Noticed Robin
  2238 | D:3      | Killed Robin
  2491 | D:3      | Became a worshipper of Hepliaklqana the Forgotten
  3385 | D:2      | Reached XP level 6. HP: 44/44 MP: 10/13
  4439 | D:4      | Reached skill level 5 in Dodging
  4504 | D:4      | Killed from afar by an orc priest

Illustrated notes

Levels and vault maps discovered:
D:1:      sevenhm_arrival_forest_fort_small_3, layout_basic,
          shapermc_ecumenical_altar_acropolis,
          hangedman_abyss_or_decor_lesser_grid, minmay_misc_feat_x
D:2:      layout_basic, minmay_circle_x
D:3:      layout_loops_ring, nicolae_hepliaklqana_hazy_memory, uniq_robin
D:4:      layout_gridville, uniq_blork_the_orc

Skill      XL: |  1  2  3  4  5  6 |
---------------+-------------------+-----
Transmutations | 2 |  2.6
Fighting       | 1 |  1.9
Short Blades   | 1 |  1.9
Long Blades    | 1 |  1.9
Axes           | 1 |  1.9
Maces & Flails | 1 |  1.9
Polearms       | 1 |  1.9
Staves         | 1 |  1.9
Slings         | 1 |  1.9
Bows           | 1 |  1.9
Crossbows      | 1 |  1.9
Throwing       | 1 |  1.9
Armour         | 1 |  1.9
Shields        | 1 |  1.9
Unarmed Combat | 1 |  1.9
Spellcasting   | 5 |  5.3
Invocations    | 1 2 |  2.1
Evocations     | 1 |  1.9
Conjurations   | 1 |  1.5
Hexes          | 1 |  1.5
Summonings     | 1 |  1.5
Necromancy     | 1 |  1.5
Translocations | 1 |  1.5
Fire Magic     | 1 |  1.5
Ice Magic      | 1 |  1.5
Air Magic      | 1 |  1.5
Poison Magic   | 1 |  1.5
Dodging        | 5 |  5.0
Stealth        | |  4.6
Earth Magic    | |  5.6

Action                   |  1- 3 |  4- 6 || total
-------------------------+-------+-------++-------
Melee: Mace              |     2 |       ||     2
       Whip              |       |   140 ||   140
       Bite              |       |     7 ||     7
 Cast: Sandblast         |    39 |    56 ||    95
       Stone Arrow       |       |     1 ||     1
       Passwall          |       |     1 ||     1
 Stab: Sleeping          |       |     3 ||     3
Armor: Robe              |     2 |     1 ||     3
       Leather armour    |       |    40 ||    40
Dodge: Dodged            |    15 |   117 ||   132

Table legend: (Time is in decaauts)
 A = Elapsed time spent in this place.
 B = Non-inter-level travel time spent in this place.
 C = Inter-level travel time spent in this place.
 D = Time resting spent in this place.
 E = Time spent auto-exploring this place.
 F = Levels seen in this place.
 G = Mean time per level.
                   A        B        C        D        E       F      G
               +--------+--------+--------+--------+--------+-----+--------+
         Total |   4512 |   4436 |     76 |   1799 |   1657 |   4 | 1128.0 |
       Dungeon |   4512 |   4436 |     76 |   1799 |   1657 |   4 | 1128.0 |
               +--------+--------+--------+--------+--------+-----+--------+

Top non-repeatable levels by time:
     D:3: 1771 daAuts
     D:2: 1165 daAuts
     D:1: 1122 daAuts
     D:4: 452 daAuts
